Connexion

NEW YORK Islanders vs LOS ANGELES Kings

Created - 28 décembre 2023 at 05:51

Goals
1 2 3 OT1 T
NEW YORK Islanders 2 0 1 1 4
LOS ANGELES Kings 0 2 1 0 3
Shots
1 2 3 OT1 T
NEW YORK Islanders 15 11 18 2 46
LOS ANGELES Kings 8 17 9 1 35

GoalsPenalties
1st period
1. NEW YORK Islanders , Jeff Skinner 24 (Kyle Palmieri 26) at 11:19
2. NEW YORK Islanders , Kyle Palmieri 19 (Calle Rosen 13, Logan Thompson) at 15:45 (SH)
Marco Scandella (NYI) for Hooking (Minor) at 7:07
Patrik Laine (NYI) for Interference (Minor) at 14:53
2nd period
3. LOS ANGELES Kings , Brock McGinn 14 (Aaron Ekblad 24, Cayden Primeau) at 2:25
4. LOS ANGELES Kings , Thomas Chabot 11 (Jason Zucker 30, Mats Zuccarello 30) at 14:25
Cayden Primeau (L.A) for Delaying the game (Minor) at 14:48 - Chandler Stephenson served the penalty.
3rd period
5. NEW YORK Islanders , Jeff Skinner 25 (Adam Henrique 20) at 2:03
6. LOS ANGELES Kings , Mats Zuccarello 28 (Calen Addison 27, Jason Zucker 31) at 6:44
Arber Xhekaj (L.A) for Roughing (Minor) at 2:55
Jason Zucker (L.A) for Tripping (Minor) at 7:07
Calen Addison (L.A) for Holding (Minor) at 11:58
Patrik Laine (NYI) for Tripping (Minor) at 11:58
Nick Foligno (L.A) for Hooking (Minor) at 18:21
Overtime #1
7. NEW YORK Islanders , Brendan Lemieux 6 (Brendan Leipsic 6, Kevin Shattenkirk 25) at 3:00
No Penalty
Goalie Stats
Logan Thompson (NYI), 32 saves from 35 shots - (0,914), W, 15-9-0, 63:01 minutes
Cayden Primeau (L.A), 42 saves from 46 shots - (0,913), OTL, 1-5-5, 63:01 minutes
3 StarsOfficial
1 - Jeff Skinner (NYI)
2 - Kyle Palmieri (NYI)
3 - Mats Zuccarello (L.A)
Referees : Tim Peel and Jean Hebert
Linesman : Tony Sericolo and Mike Cvik
Game Note
No Game Note
Finance
Level 1 -- Attendance: 5511 (91,85%) -- Ticket Income $743,985
Level 2 -- Attendance: 4614 (90,15%) -- Ticket Income $415,260
Level 3 -- Attendance: 1656 (82,80%) -- Ticket Income $99,360
Level 4 -- Attendance: 2886 (72,15%) -- Ticket Income $115,440
Luxury Box -- Attendance: 899 (89,90%) -- Ticket Income $206,770
Game was played at the Staples Center.
Total Attendance: 15566 (85,91%)
Total Ticket Income: $1,580,815
Other Income: $316,163
Total Income: $1,896,978



Team Name Goals Shots Shots Attemp Shots Blocked PIM HIT PP PK FO%
NEW YORK Islanders 44686126210 / 4 (0%)043%
LOS ANGELES Kings 335611710180 / 2 (0%)057%

NEW YORK Islanders
Player Name POS G A P +/- PIM HIT SHT SB MP PP MP PP SHT PK MP PK SHT FO% FOT
Adam HenriqueC/LW0111035023:483:4511:18040% 5
Adam PelechD0002012121:183:4521:2600% 0
Alexander RadulovRW000000104:430:0000:0000% 0
Anthony DuclairLW/RW000-2023018:563:5000:0000% 0
Brendan LeipsicC/LW0111002011:220:0000:0000% 1
Brendan LemieuxLW101100207:030:0000:4300% 1
Calle RosenD0112023121:083:4521:1600% 0
Ilya MikheyevRW0000000112:120:0001:25033% 3
Jeff SkinnerC/LW2022018024:183:4521:59033% 27
Josh BaileyC/LW/RW000-2013018:493:5010:00050% 28
Kevin ShattenkirkD011-1001327:453:5012:4200% 0
Kyle PalmieriRW1122028123:153:4511:59130% 10
Marco ScandellaD000-2240226:453:5001:0500% 0
Nicklas BackstromC000000004:430:0000:00033% 3
Nikolai KnyzhovD0000021212:290:0000:0000% 0
Patrik LaineLW/RW000-2424119:193:5010:320100% 2
Riley StillmanD0000010013:560:0001:2700% 0
Vincent TrocheckC0000003011:350:0000:00067% 12
LOS ANGELES Kings
Player Name POS G A P +/- PIM HIT SHT SB MP PP MP PP SHT PK MP PK SHT FO% FOT
Aaron EkbladD0111011227:011:2214:1000% 0
Arber XhekajD0000211011:230:0000:0000% 0
Brayden SchennC/LW/RW0001034023:501:2204:21064% 28
Brock McGinnLW/RW1010008111:400:0000:0000% 1
Calen AddisonD011-1210422:252:3603:4600% 0
Chandler StephensonC/LW000-2022021:262:3600:36059% 27
Derek ForbortD0000030112:140:0000:0000% 0
Jakob SilfverbergLW/RW000-2007018:402:3600:0000% 0
Jason ZuckerLW/RW0221212022:341:2200:0000% 2
Mats ZuccarelloLW/RW1121004021:031:2211:5300% 1
Mika ZibanejadC/LW/RW000-2001318:402:3600:00050% 4
Nick BoninoC/LW000-100019:520:0005:26042% 12
Nick FolignoC/LW/RW0001201010:190:0000:0000% 0
Nicolas RoyC0001000114:550:0003:15065% 17
Olli MaattaD000-1040121:562:3603:4600% 0
Ryan PoehlingC000000000:000:0000:0000% 0
Thomas ChabotD1010014328:211:2214:1000% 0
Zack KassianRW000001003:060:0000:0000% 0



Play-by-Play

1st period


0:01 of 1st period - Brayden Schenn wins face-off versus Jeff Skinner in neutral zone.
0:29 of 1st period - Shot by Jeff Skinner.
0:29 of 1st period - Shot Misses the Net.
0:31 of 1st period - Shot by Adam Henrique.
0:31 of 1st period - Stopped by Cayden Primeau without a rebound.
0:32 of 1st period - Chandler Stephenson wins face-off versus Josh Bailey in LOS ANGELES Kings zone.
0:36 of 1st period - Icing by Calen Addison.
0:37 of 1st period - Chandler Stephenson wins face-off versus Vincent Trocheck in LOS ANGELES Kings zone.
1:00 of 1st period - Shot by Chandler Stephenson.
1:00 of 1st period - Deflect By Mika Zibanejad.
1:00 of 1st period - Shot Blocked by Nikolai Knyzhov.
1:02 of 1st period - Shot by Jakob Silfverberg.
1:02 of 1st period - Stopped by Logan Thompson with a rebound.
1:04 of 1st period - Shot by Jakob Silfverberg.
1:04 of 1st period - Shot Misses the Net.
1:31 of 1st period - Off-side.
1:32 of 1st period - Josh Bailey wins face-off versus Nicolas Roy in neutral zone.
1:40 of 1st period - Josh Bailey is hit by Derek Forbort and loses puck.
2:07 of 1st period - Shot by Brock McGinn.
2:07 of 1st period - Stopped by Logan Thompson without a rebound.
2:08 of 1st period - Jeff Skinner wins face-off versus Brayden Schenn in NEW YORK Islanders zone.
2:17 of 1st period - Shot by Mats Zuccarello.
2:17 of 1st period - Stopped by Logan Thompson without a rebound.
2:18 of 1st period - Nicklas Backstrom wins face-off versus Nick Bonino in NEW YORK Islanders zone.
2:34 of 1st period - Aaron Ekblad is hit by Marco Scandella and loses puck.
3:30 of 1st period - Shot by Kyle Palmieri.
3:30 of 1st period - Deflect By Adam Henrique.
3:30 of 1st period - Shot Misses the Net.
3:32 of 1st period - Shot by Adam Henrique.
3:32 of 1st period - Shot Misses the Net.
3:34 of 1st period - Shot by Adam Pelech.
3:34 of 1st period - Shot Blocked by Thomas Chabot.
3:36 of 1st period - Shot by Adam Pelech.
3:36 of 1st period - Shot Misses the Net.
3:38 of 1st period - Shot by Jeff Skinner.
3:38 of 1st period - Stopped by Cayden Primeau without a rebound.
3:39 of 1st period - Josh Bailey wins face-off versus Chandler Stephenson in LOS ANGELES Kings zone.
4:00 of 1st period - Shot by Anthony Duclair.
4:00 of 1st period - Stopped by Cayden Primeau without a rebound.
4:01 of 1st period - Vincent Trocheck wins face-off versus Nicolas Roy in LOS ANGELES Kings zone.
5:02 of 1st period - Shot by Calen Addison.
5:02 of 1st period - Deflect By Jakob Silfverberg.
5:02 of 1st period - Stopped by Logan Thompson without a rebound.
5:03 of 1st period - Jeff Skinner wins face-off versus Chandler Stephenson in NEW YORK Islanders zone.
5:44 of 1st period - Shot by Jeff Skinner.
5:44 of 1st period - Stopped by Cayden Primeau with a rebound.
6:16 of 1st period - Adam Henrique is hit by Jason Zucker and loses puck.
6:57 of 1st period - Shot by Patrik Laine.
6:57 of 1st period - Stopped by Cayden Primeau without a rebound.
6:58 of 1st period - Nicolas Roy wins face-off versus Josh Bailey in LOS ANGELES Kings zone.
6:58 of 1st period - Nicolas Roy is hit by Josh Bailey.
7:05 of 1st period - Brock McGinn is hit by Marco Scandella and loses puck.
7:07 of 1st period - Minor Penalty to Marco Scandella for Hooking.
7:08 of 1st period - Ilya Mikheyev wins face-off versus Chandler Stephenson in NEW YORK Islanders zone.
7:08 of 1st period - Ilya Mikheyev is hit by Chandler Stephenson.
7:17 of 1st period - Off-side.
7:18 of 1st period - Chandler Stephenson wins face-off versus Ilya Mikheyev in neutral zone.
7:34 of 1st period - Off-side.
7:35 of 1st period - Brayden Schenn wins face-off versus Ilya Mikheyev in neutral zone.
7:46 of 1st period - Shot by Thomas Chabot.
7:46 of 1st period - Shot Blocked by Kevin Shattenkirk.
7:48 of 1st period - Shot by Thomas Chabot.
7:48 of 1st period - Stopped by Logan Thompson without a rebound.
7:49 of 1st period - Chandler Stephenson wins face-off versus Kyle Palmieri in NEW YORK Islanders zone.
7:54 of 1st period - Shot by Mika Zibanejad.
7:54 of 1st period - Shot Misses the Net.
8:46 of 1st period - Shot by Jason Zucker.
8:46 of 1st period - Shot Misses the Net.
8:48 of 1st period - Shot by Jason Zucker.
8:48 of 1st period - Shot Blocked by Adam Pelech.
8:50 of 1st period - Shot by Mats Zuccarello.
8:50 of 1st period - Stopped by Logan Thompson without a rebound.
8:51 of 1st period - Brayden Schenn wins face-off versus Kyle Palmieri in NEW YORK Islanders zone.
8:54 of 1st period - Shot by Aaron Ekblad.
8:54 of 1st period - Stopped by Logan Thompson without a rebound.
8:55 of 1st period - Kyle Palmieri wins face-off versus Jason Zucker in NEW YORK Islanders zone.
9:24 of 1st period - Shot by Alexander Radulov.
9:24 of 1st period - Stopped by Cayden Primeau with a rebound.
10:22 of 1st period - Shot by Mats Zuccarello.
10:22 of 1st period - Shot Misses the Net.
10:24 of 1st period - Shot by Brayden Schenn.
10:24 of 1st period - Shot Misses the Net.
10:30 of 1st period - Shot by Josh Bailey.
10:30 of 1st period - Shot Blocked by Aaron Ekblad.
11:19 of 1st period - Shot by Jeff Skinner.
11:19 of 1st period - Goal by Jeff Skinner - NEW YORK Islanders : 1 - LOS ANGELES Kings : 0.
11:20 of 1st period - Vincent Trocheck wins face-off versus Nicolas Roy in neutral zone.
11:44 of 1st period - Shot by Nick Foligno.
11:44 of 1st period - Shot Blocked by Ilya Mikheyev.
11:56 of 1st period - Shot by Vincent Trocheck.
11:56 of 1st period - Stopped by Cayden Primeau with a rebound.
12:08 of 1st period - Calle Rosen is hit by Derek Forbort and loses puck.
12:31 of 1st period - Shot by Jakob Silfverberg.
12:31 of 1st period - Stopped by Logan Thompson without a rebound.
12:32 of 1st period - Kyle Palmieri wins face-off versus Brayden Schenn in NEW YORK Islanders zone.
13:27 of 1st period - Shot by Anthony Duclair.
13:27 of 1st period - Shot Misses the Net.
13:29 of 1st period - Shot by Patrik Laine.
13:29 of 1st period - Deflect By Anthony Duclair.
13:29 of 1st period - Stopped by Cayden Primeau with a rebound.
13:31 of 1st period - Shot by Kevin Shattenkirk.
13:31 of 1st period - Shot Misses the Net.
13:45 of 1st period - Josh Bailey is hit by Aaron Ekblad and loses puck.
14:06 of 1st period - Icing by Aaron Ekblad.
14:07 of 1st period - Brayden Schenn wins face-off versus Nicklas Backstrom in LOS ANGELES Kings zone.
14:22 of 1st period - Shot by Alexander Radulov.
14:22 of 1st period - Shot Blocked by Mika Zibanejad.
14:24 of 1st period - Shot by Alexander Radulov.
14:24 of 1st period - Deflect By Nicklas Backstrom.
14:24 of 1st period - Shot Misses the Net.
14:26 of 1st period - Shot by Brendan Lemieux.
14:26 of 1st period - Stopped by Cayden Primeau without a rebound.
14:27 of 1st period - Chandler Stephenson wins face-off versus Jeff Skinner in LOS ANGELES Kings zone.
14:27 of 1st period - Calen Addison is hit by Jeff Skinner and loses puck.
14:40 of 1st period - Mika Zibanejad is hit by Kyle Palmieri and loses puck.
14:50 of 1st period - Icing by Calen Addison.
14:51 of 1st period - Chandler Stephenson wins face-off versus Josh Bailey in LOS ANGELES Kings zone.
14:53 of 1st period - Minor Penalty to Patrik Laine for Interference.
14:54 of 1st period - Mika Zibanejad wins face-off versus Kyle Palmieri in NEW YORK Islanders zone.
15:45 of 1st period - Shot by Kyle Palmieri.
15:45 of 1st period - Goal by Kyle Palmieri - NEW YORK Islanders : 2 - LOS ANGELES Kings : 0.
15:46 of 1st period - Brayden Schenn wins face-off versus Adam Henrique in neutral zone.
15:49 of 1st period - Shot by Thomas Chabot.
15:49 of 1st period - Shot Blocked by Kevin Shattenkirk.
16:56 of 1st period - Nicolas Roy is hit by Patrik Laine and loses puck.
17:02 of 1st period - Icing by Derek Forbort.
17:03 of 1st period - Josh Bailey wins face-off versus Nicolas Roy in LOS ANGELES Kings zone.
17:24 of 1st period - Shot by Patrik Laine.
17:24 of 1st period - Stopped by Cayden Primeau without a rebound.
17:25 of 1st period - Vincent Trocheck wins face-off versus Nick Bonino in LOS ANGELES Kings zone.
18:44 of 1st period - Shot by Kyle Palmieri.
18:44 of 1st period - Stopped by Cayden Primeau with a rebound.
19:13 of 1st period - Shot by Calle Rosen.
19:13 of 1st period - Stopped by Cayden Primeau without a rebound.
19:14 of 1st period - Nicolas Roy wins face-off versus Josh Bailey in LOS ANGELES Kings zone.
19:31 of 1st period - Shot by Patrik Laine.
19:31 of 1st period - Shot Blocked by Derek Forbort.
19:33 of 1st period - Shot by Josh Bailey.
19:33 of 1st period - Stopped by Cayden Primeau without a rebound.
19:34 of 1st period - Brayden Schenn wins face-off versus Nicklas Backstrom in LOS ANGELES Kings zone.
Goals for this period are 2 for NEW YORK Islanders vs 0 for LOS ANGELES Kings .
Shots for this period are 15 for NEW YORK Islanders vs 8 for LOS ANGELES Kings .

2nd period


0:01 of 2nd period - Brayden Schenn wins face-off versus Jeff Skinner in neutral zone.
0:12 of 2nd period - Shot by Mats Zuccarello.
0:12 of 2nd period - Deflect By Jason Zucker.
0:12 of 2nd period - Shot Misses the Net.
0:16 of 2nd period - Shot by Jason Zucker.
0:16 of 2nd period - Shot Misses the Net.
0:20 of 2nd period - Shot by Mats Zuccarello.
0:20 of 2nd period - Stopped by Logan Thompson without a rebound.
0:21 of 2nd period - Chandler Stephenson wins face-off versus Josh Bailey in NEW YORK Islanders zone.
0:24 of 2nd period - Shot by Chandler Stephenson.
0:24 of 2nd period - Stopped by Logan Thompson with a rebound.
0:26 of 2nd period - Shot by Jakob Silfverberg.
0:26 of 2nd period - Shot Blocked by Calle Rosen.
0:28 of 2nd period - Shot by Jakob Silfverberg.
0:28 of 2nd period - Stopped by Logan Thompson without a rebound.
0:29 of 2nd period - Brayden Schenn wins face-off versus Jeff Skinner in NEW YORK Islanders zone.
0:40 of 2nd period - Shot by Thomas Chabot.
0:40 of 2nd period - Stopped by Logan Thompson without a rebound.
0:41 of 2nd period - Mika Zibanejad wins face-off versus Josh Bailey in NEW YORK Islanders zone.
0:44 of 2nd period - Shot by Jakob Silfverberg.
0:44 of 2nd period - Stopped by Logan Thompson without a rebound.
0:45 of 2nd period - Brayden Schenn wins face-off versus Jeff Skinner in NEW YORK Islanders zone.
1:04 of 2nd period - Thomas Chabot is hit by Adam Henrique and loses puck.
1:18 of 2nd period - Shot by Brayden Schenn.
1:18 of 2nd period - Stopped by Logan Thompson with a rebound.
1:20 of 2nd period - Shot by Thomas Chabot.
1:20 of 2nd period - Stopped by Logan Thompson without a rebound.
1:21 of 2nd period - Chandler Stephenson wins face-off versus Josh Bailey in NEW YORK Islanders zone.
1:51 of 2nd period - Shot by Anthony Duclair.
1:51 of 2nd period - Shot Blocked by Calen Addison.
2:06 of 2nd period - Jakob Silfverberg is hit by Calle Rosen and loses puck.
2:25 of 2nd period - Shot by Brock McGinn.
2:25 of 2nd period - Goal by Brock McGinn - NEW YORK Islanders : 2 - LOS ANGELES Kings : 1.
2:26 of 2nd period - Brayden Schenn wins face-off versus Jeff Skinner in neutral zone.
2:41 of 2nd period - Shot by Brayden Schenn.
2:41 of 2nd period - Shot Blocked by Marco Scandella.
2:43 of 2nd period - Shot by Jason Zucker.
2:43 of 2nd period - Shot Blocked by Kyle Palmieri.
2:45 of 2nd period - Shot by Mats Zuccarello.
2:45 of 2nd period - Deflect By Brayden Schenn.
2:45 of 2nd period - Stopped by Logan Thompson without a rebound.
2:46 of 2nd period - Nicolas Roy wins face-off versus Brendan Leipsic in NEW YORK Islanders zone.
2:54 of 2nd period - Off-side.
2:55 of 2nd period - Kyle Palmieri wins face-off versus Jason Zucker in neutral zone.
3:14 of 2nd period - Shot by Kyle Palmieri.
3:14 of 2nd period - Stopped by Cayden Primeau without a rebound.
3:15 of 2nd period - Chandler Stephenson wins face-off versus Josh Bailey in LOS ANGELES Kings zone.
3:47 of 2nd period - Josh Bailey is hit by Olli Maatta and loses puck.
4:28 of 2nd period - Shot by Brayden Schenn.
4:28 of 2nd period - Stopped by Logan Thompson with a rebound.
4:46 of 2nd period - Shot by Jason Zucker.
4:46 of 2nd period - Stopped by Logan Thompson without a rebound.
4:47 of 2nd period - Nicolas Roy wins face-off versus Jeff Skinner in NEW YORK Islanders zone.
4:48 of 2nd period - Shot by Brock McGinn.
4:48 of 2nd period - Shot Misses the Net.
5:06 of 2nd period - Shot by Brock McGinn.
5:06 of 2nd period - Stopped by Logan Thompson without a rebound.
5:07 of 2nd period - Vincent Trocheck wins face-off versus Mika Zibanejad in NEW YORK Islanders zone.
5:29 of 2nd period - Shot by Jakob Silfverberg.
5:29 of 2nd period - Stopped by Logan Thompson with a rebound.
6:15 of 2nd period - Mats Zuccarello is hit by Marco Scandella and loses puck.
6:42 of 2nd period - Shot by Mats Zuccarello.
6:42 of 2nd period - Deflect By Jason Zucker.
6:42 of 2nd period - Shot Blocked by Marco Scandella.
6:51 of 2nd period - Brayden Schenn is hit by Marco Scandella and loses puck.
7:58 of 2nd period - Off-side.
7:59 of 2nd period - Chandler Stephenson wins face-off versus Vincent Trocheck in neutral zone.
8:31 of 2nd period - Ilya Mikheyev is hit by Chandler Stephenson and loses puck.
8:36 of 2nd period - Shot by Brendan Leipsic.
8:36 of 2nd period - Stopped by Cayden Primeau with a rebound.
8:38 of 2nd period - Shot by Ilya Mikheyev.
8:38 of 2nd period - Shot Misses the Net.
9:19 of 2nd period - Shot by Jason Zucker.
9:19 of 2nd period - Shot Misses the Net.
9:29 of 2nd period - Kevin Shattenkirk is hit by Brayden Schenn and loses puck.
10:21 of 2nd period - Shot by Arber Xhekaj.
10:21 of 2nd period - Stopped by Logan Thompson without a rebound.
10:22 of 2nd period - Chandler Stephenson wins face-off versus Jeff Skinner in NEW YORK Islanders zone.
10:22 of 2nd period - Chandler Stephenson is hit by Calle Rosen.
10:32 of 2nd period - Shot by Jeff Skinner.
10:32 of 2nd period - Shot Blocked by Mika Zibanejad.
10:38 of 2nd period - Shot by Kyle Palmieri.
10:38 of 2nd period - Stopped by Cayden Primeau without a rebound.
10:39 of 2nd period - Josh Bailey wins face-off versus Nicolas Roy in LOS ANGELES Kings zone.
11:16 of 2nd period - Shot by Josh Bailey.
11:16 of 2nd period - Shot Misses the Net.
11:37 of 2nd period - Icing by Adam Pelech.
11:38 of 2nd period - Jeff Skinner wins face-off versus Brayden Schenn in NEW YORK Islanders zone.
11:53 of 2nd period - Shot by Adam Henrique.
11:53 of 2nd period - Shot Misses the Net.
11:55 of 2nd period - Shot by Kyle Palmieri.
11:55 of 2nd period - Stopped by Cayden Primeau without a rebound.
11:56 of 2nd period - Vincent Trocheck wins face-off versus Chandler Stephenson in LOS ANGELES Kings zone.
12:25 of 2nd period - Shot by Brendan Leipsic.
12:25 of 2nd period - Stopped by Cayden Primeau without a rebound.
12:26 of 2nd period - Brayden Schenn wins face-off versus Adam Henrique in LOS ANGELES Kings zone.
12:37 of 2nd period - Shot by Jason Zucker.
12:37 of 2nd period - Stopped by Logan Thompson without a rebound.
12:38 of 2nd period - Nicolas Roy wins face-off versus Josh Bailey in NEW YORK Islanders zone.
12:51 of 2nd period - Brock McGinn is hit by Anthony Duclair and loses puck.
13:08 of 2nd period - Icing by Nikolai Knyzhov.
13:09 of 2nd period - Patrik Laine wins face-off versus Brayden Schenn in NEW YORK Islanders zone.
13:20 of 2nd period - Shot by Josh Bailey.
13:20 of 2nd period - Shot Misses the Net.
13:22 of 2nd period - Shot by Nikolai Knyzhov.
13:22 of 2nd period - Stopped by Cayden Primeau without a rebound.
13:23 of 2nd period - Chandler Stephenson wins face-off versus Jeff Skinner in LOS ANGELES Kings zone.
13:23 of 2nd period - Chandler Stephenson is hit by Kyle Palmieri.
13:47 of 2nd period - Shot by Jakob Silfverberg.
13:47 of 2nd period - Stopped by Logan Thompson without a rebound.
13:48 of 2nd period - Brayden Schenn wins face-off versus Vincent Trocheck in NEW YORK Islanders zone.
13:48 of 2nd period - Thomas Chabot is hit by Adam Pelech and loses puck.
13:58 of 2nd period - Icing by Brayden Schenn.
13:59 of 2nd period - Brayden Schenn wins face-off versus Josh Bailey in LOS ANGELES Kings zone.
13:59 of 2nd period - Brayden Schenn is hit by Anthony Duclair.
14:21 of 2nd period - Shot by Jason Zucker.
14:21 of 2nd period - Shot Misses the Net.
14:23 of 2nd period - Shot by Thomas Chabot.
14:23 of 2nd period - Shot Misses the Net.
14:25 of 2nd period - Shot by Thomas Chabot.
14:25 of 2nd period - Goal by Thomas Chabot - NEW YORK Islanders : 2 - LOS ANGELES Kings : 2.
14:26 of 2nd period - Chandler Stephenson wins face-off versus Kyle Palmieri in neutral zone.
14:46 of 2nd period - Shot by Kyle Palmieri.
14:46 of 2nd period - Shot Blocked by Calen Addison.
14:48 of 2nd period - Shot by Jeff Skinner.
14:48 of 2nd period - Stopped by Cayden Primeau without a rebound.
14:48 of 2nd period - Minor Penalty to Cayden Primeau for Delaying the game.
14:49 of 2nd period - Josh Bailey wins face-off versus Nick Bonino in LOS ANGELES Kings zone.
15:02 of 2nd period - Shot by Anthony Duclair.
15:02 of 2nd period - Shot Blocked by Thomas Chabot.
15:04 of 2nd period - Shot by Kevin Shattenkirk.
15:04 of 2nd period - Shot Blocked by Nick Bonino.
15:06 of 2nd period - Shot by Kevin Shattenkirk.
15:06 of 2nd period - Stopped by Cayden Primeau without a rebound.
15:07 of 2nd period - Nick Bonino wins face-off versus Jeff Skinner in LOS ANGELES Kings zone.
15:40 of 2nd period - Shot by Jeff Skinner.
15:40 of 2nd period - Stopped by Cayden Primeau without a rebound.
15:41 of 2nd period - Nick Bonino wins face-off versus Josh Bailey in LOS ANGELES Kings zone.
16:45 of 2nd period - Shot by Kyle Palmieri.
16:45 of 2nd period - Stopped by Cayden Primeau with a rebound.
16:47 of 2nd period - Shot by Calle Rosen.
16:47 of 2nd period - Shot Blocked by Nicolas Roy.
16:53 of 2nd period - Shot by Vincent Trocheck.
16:53 of 2nd period - Stopped by Cayden Primeau without a rebound.
16:54 of 2nd period - Vincent Trocheck wins face-off versus Chandler Stephenson in LOS ANGELES Kings zone.
16:58 of 2nd period - Ilya Mikheyev is hit by Olli Maatta and loses puck.
18:04 of 2nd period - Kyle Palmieri is hit by Zack Kassian and loses puck.
18:28 of 2nd period - Off-side.
18:29 of 2nd period - Nicolas Roy wins face-off versus Josh Bailey in neutral zone.
19:00 of 2nd period - Icing by Marco Scandella.
19:01 of 2nd period - Josh Bailey wins face-off versus Brayden Schenn in NEW YORK Islanders zone.
19:06 of 2nd period - Kevin Shattenkirk is hit by Brayden Schenn and loses puck.
Goals for this period are 0 for NEW YORK Islanders vs 2 for LOS ANGELES Kings .
Shots for this period are 11 for NEW YORK Islanders vs 17 for LOS ANGELES Kings .

3rd period


0:01 of 3rd period - Brayden Schenn wins face-off versus Jeff Skinner in neutral zone.
0:26 of 3rd period - Shot by Kyle Palmieri.
0:26 of 3rd period - Shot Blocked by Aaron Ekblad.
0:43 of 3rd period - Icing by Aaron Ekblad.
0:44 of 3rd period - Josh Bailey wins face-off versus Brayden Schenn in LOS ANGELES Kings zone.
1:09 of 3rd period - Shot by Anthony Duclair.
1:09 of 3rd period - Stopped by Cayden Primeau with a rebound.
1:11 of 3rd period - Shot by Adam Pelech.
1:11 of 3rd period - Shot Hit the Post.
1:19 of 3rd period - Shot by Patrik Laine.
1:19 of 3rd period - Shot Misses the Net.
1:59 of 3rd period - Shot by Brendan Leipsic.
1:59 of 3rd period - Deflect By Vincent Trocheck.
1:59 of 3rd period - Stopped by Cayden Primeau without a rebound.
2:00 of 3rd period - Jeff Skinner wins face-off versus Chandler Stephenson in LOS ANGELES Kings zone.
2:03 of 3rd period - Shot by Jeff Skinner.
2:03 of 3rd period - Goal by Jeff Skinner - NEW YORK Islanders : 3 - LOS ANGELES Kings : 2.
2:04 of 3rd period - Jeff Skinner wins face-off versus Chandler Stephenson in neutral zone.
2:41 of 3rd period - Icing by Adam Henrique.
2:42 of 3rd period - Jeff Skinner wins face-off versus Nicolas Roy in NEW YORK Islanders zone.
2:48 of 3rd period - Kevin Shattenkirk is hit by Derek Forbort and loses puck.
2:54 of 3rd period - Adam Henrique is hit by Arber Xhekaj.
2:55 of 3rd period - Minor Penalty to Arber Xhekaj for Roughing.
2:56 of 3rd period - Josh Bailey wins face-off versus Nick Bonino in LOS ANGELES Kings zone.
3:02 of 3rd period - Josh Bailey is hit by Calen Addison and loses puck.
3:11 of 3rd period - Shot by Josh Bailey.
3:11 of 3rd period - Stopped by Cayden Primeau without a rebound.
3:12 of 3rd period - Nick Bonino wins face-off versus Josh Bailey in LOS ANGELES Kings zone.
3:21 of 3rd period - Olli Maatta is hit by Patrik Laine and loses puck.
3:44 of 3rd period - Shot by Calle Rosen.
3:44 of 3rd period - Stopped by Cayden Primeau without a rebound.
3:45 of 3rd period - Nick Bonino wins face-off versus Jeff Skinner in LOS ANGELES Kings zone.
3:45 of 3rd period - Nick Bonino is hit by Adam Henrique.
5:10 of 3rd period - Chandler Stephenson is hit by Nikolai Knyzhov and loses puck.
5:16 of 3rd period - Off-side.
5:17 of 3rd period - Josh Bailey wins face-off versus Brock McGinn in neutral zone.
5:28 of 3rd period - Shot by Josh Bailey.
5:28 of 3rd period - Shot Misses the Net.
5:32 of 3rd period - Shot by Josh Bailey.
5:32 of 3rd period - Stopped by Cayden Primeau without a rebound.
5:33 of 3rd period - Vincent Trocheck wins face-off versus Chandler Stephenson in LOS ANGELES Kings zone.
5:33 of 3rd period - Ilya Mikheyev is hit by Thomas Chabot and loses puck.
6:44 of 3rd period - Shot by Mats Zuccarello.
6:44 of 3rd period - Goal by Mats Zuccarello - NEW YORK Islanders : 3 - LOS ANGELES Kings : 3.
6:45 of 3rd period - Nicolas Roy wins face-off versus Jeff Skinner in neutral zone.
6:52 of 3rd period - Shot by Brock McGinn.
6:52 of 3rd period - Stopped by Logan Thompson without a rebound.
6:53 of 3rd period - Jeff Skinner wins face-off versus Brayden Schenn in NEW YORK Islanders zone.
7:07 of 3rd period - Minor Penalty to Jason Zucker for Tripping.
7:08 of 3rd period - Josh Bailey wins face-off versus Nick Bonino in LOS ANGELES Kings zone.
7:13 of 3rd period - Shot by Anthony Duclair.
7:13 of 3rd period - Shot Misses the Net.
7:15 of 3rd period - Shot by Adam Pelech.
7:15 of 3rd period - Stopped by Cayden Primeau with a rebound.
7:33 of 3rd period - Shot by Anthony Duclair.
7:33 of 3rd period - Shot Misses the Net.
7:35 of 3rd period - Shot by Calle Rosen.
7:35 of 3rd period - Shot Blocked by Olli Maatta.
7:37 of 3rd period - Shot by Patrik Laine.
7:37 of 3rd period - Stopped by Cayden Primeau without a rebound.
7:38 of 3rd period - Nick Bonino wins face-off versus Jeff Skinner in LOS ANGELES Kings zone.
7:58 of 3rd period - Adam Henrique is hit by Olli Maatta and loses puck.
8:16 of 3rd period - Jeff Skinner is hit by Olli Maatta and loses puck.
9:23 of 3rd period - Icing by Derek Forbort.
9:24 of 3rd period - Vincent Trocheck wins face-off versus Chandler Stephenson in LOS ANGELES Kings zone.
10:23 of 3rd period - Shot by Brock McGinn.
10:23 of 3rd period - Stopped by Logan Thompson with a rebound.
10:35 of 3rd period - Shot by Brock McGinn.
10:35 of 3rd period - Stopped by Logan Thompson with a rebound.
10:37 of 3rd period - Shot by Nick Foligno.
10:37 of 3rd period - Stopped by Logan Thompson without a rebound.
10:38 of 3rd period - Josh Bailey wins face-off versus Brayden Schenn in NEW YORK Islanders zone.
10:53 of 3rd period - Shot by Jason Zucker.
10:53 of 3rd period - Deflect By Mats Zuccarello.
10:53 of 3rd period - Shot Blocked by Patrik Laine.
11:21 of 3rd period - Shot by Brayden Schenn.
11:21 of 3rd period - Stopped by Logan Thompson without a rebound.
11:22 of 3rd period - Nicolas Roy wins face-off versus Jeff Skinner in NEW YORK Islanders zone.
11:23 of 3rd period - Shot by Brock McGinn.
11:23 of 3rd period - Stopped by Logan Thompson without a rebound.
11:24 of 3rd period - Jeff Skinner wins face-off versus Chandler Stephenson in NEW YORK Islanders zone.
11:39 of 3rd period - Shot by Kyle Palmieri.
11:39 of 3rd period - Stopped by Cayden Primeau with a rebound.
11:41 of 3rd period - Shot by Adam Henrique.
11:41 of 3rd period - Stopped by Cayden Primeau with a rebound.
11:51 of 3rd period - Shot by Adam Henrique.
11:51 of 3rd period - Shot Blocked by Mika Zibanejad.
11:53 of 3rd period - Shot by Adam Henrique.
11:53 of 3rd period - Stopped by Cayden Primeau with a rebound.
11:55 of 3rd period - Shot by Kyle Palmieri.
11:55 of 3rd period - Stopped by Cayden Primeau without a rebound.
11:56 of 3rd period - Josh Bailey wins face-off versus Brayden Schenn in LOS ANGELES Kings zone.
11:57 of 3rd period - Shot by Patrik Laine.
11:57 of 3rd period - Stopped by Cayden Primeau without a rebound.
11:58 of 3rd period - Josh Bailey wins face-off versus Brayden Schenn in LOS ANGELES Kings zone.
11:58 of 3rd period - Minor Penalty to Calen Addison for Holding.
11:58 of 3rd period - Minor Penalty to Patrik Laine for Tripping.
11:59 of 3rd period - Brayden Schenn wins face-off versus Kyle Palmieri in LOS ANGELES Kings zone.
12:42 of 3rd period - Shot by Jason Zucker.
12:42 of 3rd period - Deflect By Brayden Schenn.
12:42 of 3rd period - Shot Misses the Net.
12:44 of 3rd period - Shot by Aaron Ekblad.
12:44 of 3rd period - Shot Blocked by Kevin Shattenkirk.
13:56 of 3rd period - Shot by Jeff Skinner.
13:56 of 3rd period - Shot Misses the Net.
14:03 of 3rd period - Calen Addison is hit by Riley Stillman.
14:13 of 3rd period - Shot by Brock McGinn.
14:13 of 3rd period - Shot Misses the Net.
14:15 of 3rd period - Shot by Brock McGinn.
14:15 of 3rd period - Deflect By Nicolas Roy.
14:15 of 3rd period - Shot Misses the Net.
14:22 of 3rd period - Nick Foligno is hit by Nikolai Knyzhov and loses puck.
14:29 of 3rd period - Shot by Brock McGinn.
14:29 of 3rd period - Shot Blocked by Nikolai Knyzhov.
15:10 of 3rd period - Shot by Jakob Silfverberg.
15:10 of 3rd period - Deflect By Mika Zibanejad.
15:10 of 3rd period - Stopped by Logan Thompson without a rebound.
15:11 of 3rd period - Brayden Schenn wins face-off versus Vincent Trocheck in NEW YORK Islanders zone.
15:43 of 3rd period - Icing by Thomas Chabot.
15:44 of 3rd period - Brayden Schenn wins face-off versus Kyle Palmieri in LOS ANGELES Kings zone.
16:13 of 3rd period - Shot by Jeff Skinner.
16:13 of 3rd period - Stopped by Cayden Primeau without a rebound.
16:14 of 3rd period - Chandler Stephenson wins face-off versus Josh Bailey in LOS ANGELES Kings zone.
16:18 of 3rd period - Icing by Jakob Silfverberg.
16:19 of 3rd period - Patrik Laine wins face-off versus Mika Zibanejad in LOS ANGELES Kings zone.
16:20 of 3rd period - Shot by Kevin Shattenkirk.
16:20 of 3rd period - Shot Misses the Net.
16:30 of 3rd period - Shot by Patrik Laine.
16:30 of 3rd period - Shot Misses the Net.
16:33 of 3rd period - Icing by Derek Forbort.
16:34 of 3rd period - Chandler Stephenson wins face-off versus Jeff Skinner in LOS ANGELES Kings zone.
16:48 of 3rd period - Icing by Calle Rosen.
16:49 of 3rd period - Jeff Skinner wins face-off versus Mats Zuccarello in NEW YORK Islanders zone.
17:49 of 3rd period - Kevin Shattenkirk is hit by Brayden Schenn and loses puck.
18:14 of 3rd period - Shot by Chandler Stephenson.
18:14 of 3rd period - Stopped by Logan Thompson without a rebound.
18:15 of 3rd period - Nicolas Roy wins face-off versus Brendan Lemieux in NEW YORK Islanders zone.
18:21 of 3rd period - Minor Penalty to Nick Foligno for Hooking.
18:22 of 3rd period - Adam Henrique wins face-off versus Nick Bonino in LOS ANGELES Kings zone.
18:29 of 3rd period - Shot by Calle Rosen.
18:29 of 3rd period - Stopped by Cayden Primeau with a rebound.
18:31 of 3rd period - Shot by Adam Pelech.
18:31 of 3rd period - Stopped by Cayden Primeau without a rebound.
18:32 of 3rd period - Brayden Schenn wins face-off versus Jeff Skinner in LOS ANGELES Kings zone.
18:32 of 3rd period - Brayden Schenn is hit by Adam Henrique.
18:54 of 3rd period - Shot by Jeff Skinner.
18:54 of 3rd period - Stopped by Cayden Primeau without a rebound.
18:55 of 3rd period - Josh Bailey wins face-off versus Nick Bonino in LOS ANGELES Kings zone.
19:52 of 3rd period - Shot by Adam Henrique.
19:52 of 3rd period - Stopped by Cayden Primeau without a rebound.
19:53 of 3rd period - Nicolas Roy wins face-off versus Jeff Skinner in LOS ANGELES Kings zone.
Goals for this period are 1 for NEW YORK Islanders vs 1 for LOS ANGELES Kings .
Shots for this period are 18 for NEW YORK Islanders vs 9 for LOS ANGELES Kings .

Overtime #1


0:01 of 1st overtime period - Nicolas Roy wins face-off versus Kyle Palmieri in neutral zone.
0:36 of 1st overtime period - Shot by Brendan Lemieux.
0:36 of 1st overtime period - Shot Blocked by Calen Addison.
0:38 of 1st overtime period - Shot by Kevin Shattenkirk.
0:38 of 1st overtime period - Shot Misses the Net.
0:40 of 1st overtime period - Shot by Kevin Shattenkirk.
0:40 of 1st overtime period - Shot Misses the Net.
0:42 of 1st overtime period - Shot by Kevin Shattenkirk.
0:42 of 1st overtime period - Shot Misses the Net.
0:44 of 1st overtime period - Shot by Adam Henrique.
0:44 of 1st overtime period - Deflect By Brendan Lemieux.
0:44 of 1st overtime period - Shot Blocked by Calen Addison.
0:46 of 1st overtime period - Shot by Adam Henrique.
0:46 of 1st overtime period - Stopped by Cayden Primeau without a rebound.
0:47 of 1st overtime period - Chandler Stephenson wins face-off versus Adam Henrique in LOS ANGELES Kings zone.
1:29 of 1st overtime period - Icing by Chandler Stephenson.
1:30 of 1st overtime period - Adam Henrique wins face-off versus Chandler Stephenson in LOS ANGELES Kings zone.
2:07 of 1st overtime period - Shot by Brock McGinn.
2:07 of 1st overtime period - Stopped by Logan Thompson with a rebound.
2:48 of 1st overtime period - Shot by Brendan Lemieux.
2:48 of 1st overtime period - Shot Blocked by Brock McGinn.
2:50 of 1st overtime period - Shot by Brendan Lemieux.
2:50 of 1st overtime period - Shot Misses the Net.
2:58 of 1st overtime period - Shot by Brendan Lemieux.
2:58 of 1st overtime period - Shot Blocked by Thomas Chabot.
3:00 of 1st overtime period - Shot by Brendan Lemieux.
3:00 of 1st overtime period - Goal by Brendan Lemieux - NEW YORK Islanders : 4 - LOS ANGELES Kings : 3.
Goals for this period are 1 for NEW YORK Islanders vs 0 for LOS ANGELES Kings .
Shots for this period are 2 for NEW YORK Islanders vs 1 for LOS ANGELES Kings .